 Dungeon Crawl Stone Soup version 0.31.0-32-g396128a36d (webtiles) character file.

Game seed: 3630464451679185500

65180 PaiMei the Lord of Darkness (level 14, -5/126 HPs)
             Began as a Demonspawn Necromancer on Apr 9, 2024.
             Was the Champion of Kikubaaqudgha.
             Slain by a vault guard
             ... wielding a +0 broad axe
              (19 damage)
             ... on level 14 of the Dungeon.
             The game lasted 00:41:36 (30882 turns).

PaiMei the Lord of Darkness (DsNe)                 Turns: 30882, Time: 00:41:37

Health: -5/126     AC: 11    Str: 20    XL:     14   Next: 74%
Magic:  16/30      EV: 17    Int: 28    God:    Kikubaaqudgha [******]
Gold:   1274       SH:  9    Dex: 13    Spells: 15/38 levels left

rFire   . . .        T - +9 spear "Goma" {spect, Int+6}
rCold   . . .        K - +0 buckler
rNeg    . . .        O - +0 troll leather armour
rPois   .            (helmet restricted)
rElec   .            c - +2 cloak
rCorr   .            B - +0 pair of gloves
SInv    .            G - +0 pair of boots
Will    +....        D - amulet of reflection
Stlth   ++           k - +6 ring of strength
HPRegen 1.21/turn    W - +6 ring of strength
MPRegen 0.22/turn

%: reflection
@: studying Stealth
A: horns 2, rugged brown scales 3, powered by pain 1, spiny 3, augmentation 1
a: Renounce Religion, Unearth Wretches, Torment, Brand Weapon With Pain, Receive
Forbidden Knowledge


You were on level 14 of the Dungeon.
You worshipped Kikubaaqudgha.
Kikubaaqudgha was exalted by your worship.
You visited 3 branches of the dungeon, and saw 20 of its levels.

You collected 1378 gold pieces.
You spent 104 gold pieces at shops.

Inventory:

Hand Weapons
 L - a +3 trident of draining
 Q - a +2 trident of venom
 T - the +9 spear "Goma" (weapon) {spect, Int+6}
   (You took it off a gnoll on level 4 of the Dungeon)

   Int+6:     It affects your intelligence (+6).
Missiles
 M - 3 atropa-tipped darts (quivered)
 P - 3 throwing nets
Armour
 c - a +2 cloak (worn)
 l - an orb of mayhem
 B - a +0 pair of gloves (worn)
 G - a +0 pair of boots (worn)
 K - a +0 buckler (worn)
 O - a +0 troll leather armour (worn)
 U - a +2 leather armour of fire resistance
 Y - a +2 chain mail of poison resistance
Magical Staves
 A - a staff of death
Jewellery
 k - a +6 ring of strength (left hand)
 o - a ring of flight
 D - an amulet of reflection (around neck)
 V - an amulet of faith
 W - a +6 ring of strength (right hand)
 X - a ring of see invisible
Wands
 j - a wand of iceblast (28)
 q - a wand of digging (6)
 x - a wand of mindburst (13)
 z - a wand of flame (23)
 C - a wand of polymorph (30)
 F - a wand of charming (21)
Scrolls
 e - 4 scrolls of enchant armour
 g - a scroll of blinking {unknown}
 i - 8 scrolls of teleportation
 n - 3 scrolls of fog
 r - 3 scrolls of fear
 s - 5 scrolls of vulnerability
 u - 4 scrolls of revelation
 v - a scroll of acquirement {unknown}
 y - 3 scrolls of poison
 H - 2 scrolls of immolation {unknown}
 J - 3 scrolls of amnesia {unknown}
 R - a scroll of brand weapon {unknown}
 S - a scroll of noise {unknown}
 Z - a scroll of enchant weapon {unknown}
Potions
 a - 3 potions of attraction
 b - a potion of magic
 d - 3 potions of enlightenment
 f - 2 potions of invisibility {unknown}
 h - 3 potions of lignification {unknown}
 m - 3 potions of resistance
 p - 4 potions of might
 t - 6 potions of brilliance
 w - 7 potions of curing
 I - 2 potions of cancellation {unknown}
 N - 3 potions of haste


   Skills:
 + Level 13.3 Fighting
 + Level 12.5 Dodging
 - Level 2.0 Stealth
 + Level 12.5 Spellcasting
 + Level 15.1 Necromancy


You had 15 spell levels left.
You knew the following spells:

 Your Spells              Type           Power      Damage    Failure   Level
a - Necrotise             Necr           100%       1d9       0%          1
b - Vampiric Draining     Necr           80%        2d11      1%          3
c - Animate Dead          Necr           80%        N/A       1%          4
d - Curse of Agony        Necr           80%        N/A       1%          5
e - Dispel Undead         Necr           80%        3d26      1%          4
f - Anguish               Hex/Necr       28%        N/A       1%          4
g - Sublimation of Blood  Necr           80%        N/A       0%          2

Your spell library contained the following spells:

 Spells                   Type           Power      Damage    Failure   Level
 Kiss of Death            Conj/Necr      100%       2d13      1%          1
 Cigotuvi's Dreadful Rot  Necr/Alch/Air  90%        N/A       1%          2
 Death Channel            Necr           40%        N/A       1%          6
 Magic Dart               Conj           68%        1d6       4%          1
 Blink                    Tloc           34%        N/A       7%          2
 Call Imp                 Summ           34%        N/A       7%          2
 Lesser Beckoning         Tloc           34%        N/A       7%          2
 Momentum Strike          Conj/Tloc      34%        3d8       7%          2
 Searing Ray              Conj           34%        2d5       7%          2
 Static Discharge         Conj/Air       34%        3-5/arc   7%          2
 Dazzling Flash           Conj/Hex       34%        N/A       14%         3
 Frozen Ramparts          Ice            34%        1d6       14%         3
 Gell's Gravitas          Tloc           17%        N/A       14%         3
 Mephitic Cloud           Conj/Alch/Air  17%        N/A       14%         3
 Teleport Other           Tloc           17%        N/A       14%         3
 Tukima's Dance           Hex            17%        N/A       14%         3
 Airstrike                Air            8%         2d(2-18)  43%         4
 Dimensional Bullseye     Hex/Tloc       8%         N/A       43%         4
 Fulminant Prism          Conj/Alch      8%         3d7       43%         4
 Iskenderun's Mystic Bla  Conj/Tloc      17%        2d5       43%         4
 Leda's Liquefaction      Alch/Erth      8%         N/A       43%         4
 Manifold Assault         Tloc           17%        N/A       43%         4
 Petrify                  Alch/Erth      17%        N/A       43%         4
 Summon Lightning Spire   Summ/Air       17%        N/A       43%         4
 Metabolic Englaciation   Hex/Ice        8%         N/A       78%         5
 Silence                  Hex/Air        8%         N/A       78%         5
 Dispersal                Tloc           8%         N/A       100%        6
 Summon Hydra             Summ           8%         N/A       100%        7
 Disjunction              Tloc           8%         N/A       100%        8


Dungeon Overview and Level Annotations

Branches:
Dungeon (14/15)            Temple (1/1) D:6            Lair (5/5) D:8
  Swamp (0/4) Lair:2        Snake (0/4) Lair:3        Slime (0/5) Lair:4
    Orc (0/2) D:10
 Vaults: D:13-14

Altars:
Ashenzari
Cheibriados
Dithmenos
Fedhas
Gozag
Hepliaklqana
Kikubaaqudgha
Makhleb
Nemelex Xobeh
Okawaru
Qazlal
Ru
Sif Muna
Trog
Uskayaw
Vehumet
Wu Jian
Xom
Yredelemnul
Jiyva

Shops:
D:4 :   D:5 !

Annotations:
D:10 exclusion: oklob plant


Innate Abilities, Weirdness & Mutations

You have a pair of horns on your head.
You are completely covered in rugged brown scales. (AC +3, +7% HP)
You sometimes gain a little power by taking damage.
You are completely covered in sharp spines.
Your magical and physical power is slightly enhanced at high health.


Message History

The vault guard is struck by your spines.
The vault guard hits you with a +0 broad axe.
The vault guard hits your ugly thing zombie with a +0 broad axe!!
You block the entropy weaver's attack.
The entropy weaver hits you but does no damage. x2
The entropy weaver hits you.
Your ugly thing zombie hits the entropy weaver but does no damage.
You hit the entropy weaver.
The entropy weaver convulses!
You headbutt the entropy weaver.
The entropy weaver is severely wounded.
Your +9 spear "Goma" {spect, Int+6} hits the entropy weaver from afar!
The vault guard hits you with a +0 broad axe.
The vault guard hits your ugly thing zombie with a +0 broad axe.
The entropy weaver is struck by your spines.
The entropy weaver hits you but does no damage.
The entropy weaver closely misses you. The entropy weaver hits you.
You block the entropy weaver's attack.
You closely miss the entropy weaver. You headbutt the entropy weaver.
The entropy weaver is almost dead.
Your +9 spear "Goma" {spect, Int+6} barely misses the entropy weaver.
You block the entropy weaver's attack. The entropy weaver hits you!
You block the entropy weaver's attack. The entropy weaver hits you.
The vault guard hits you with a +0 broad axe!
* * * LOW HITPOINT WARNING * * *
The vault guard hits your ugly thing zombie with a +0 broad axe!
Your ugly thing zombie barely misses the vault guard.
Casting: Curse of Agony (mildly dangerous; 1% risk of failure)
Confirm with . or Enter, or press ? or * to list all spells.
Aiming: Curse of Agony (mildly dangerous; 1% risk of failure)
Press: ? - help, Shift-Dir - straight line, f/p - entropy weaver
Aim: an entropy weaver (almost dead, ally target, cursed with the promise of agony, chance to affect: 79%)
The entropy weaver is cursed with the promise of agony.
Your +9 spear "Goma" {spect, Int+6} disappears.
You block the entropy weaver's attack. x2; The entropy weaver hits you!
* * * LOW HITPOINT WARNING * * *
The entropy weaver hits you!
* * * LOW HITPOINT WARNING * * *
The vault guard hits you with a +0 broad axe!!
You die...
Kikubaaqudgha rasps: "You have failed me!
Welcome... death!"

......[......#
.............+
.............#
..........[..#####
###..............#
#####+#........#
+.###....# ###
##..Z# ##Z@# #pB#
....# ......#
......### ......
.#..$. ##...


You could see a vault guard (ally target), an entropy weaver (ally target,
agonized) and 2 friendly ugly thing zombies.

Vanquished Creatures
  A dire elephant (Lair:5)
  3 hydras
  2 catoblepae (Lair:5)
  A two-headed ogre (D:11)
  6 death yaks
  The ghost of monsoonserge the Carver, a novice OpSh of Gozag (D:9)
  2 skysharks
  A swamp dragon (Lair:2)
  Pikel (D:5)
  2 deep elf pyromancers
  3 cyclopes
  A manticore (D:13)
  4 ugly things (D:14)
  3 black mambas
  15 elephants
  13 cane toads
  3 unseen horrors
  3 gargoyles
  5 kobold demonologists
  A freezing wraith (D:14)
  An unseen horror (shapeshifter) (D:13)
  2 rime drakes
  The ghost of metalburner8 the Trooper, a novice GrFi of Zin (D:4)
  Jeremiah (D:9)
  8 komodo dragons
  2 ice devils (Lair:3)
  2 polar bears
  5 trolls
  A hornet (D:9)
  12 blink frogs
  A dream sheep (Lair:5)
  3 shadows
  6 slime creatures (D:12)
  5 wyverns
  A spriggan (shapeshifter) (D:13)
  Sigmund (D:5)
  46 yaks
  A vampire (D:12)
  6 basilisks
  A steam dragon (D:7)
  3 vampire mosquitoes (D:11)
  4 nagas (Lair:3)
  3 acid dragons
  12 water moccasins
  A sky beast (D:8)
  4 orc warriors
  An ice beast (D:7)
  5 black bears
  An ogre (D:6)
  A hornet zombie (D:9)
  23 wolves
  3 centaurs
  A phantom (D:5)
  A kobold brigand (D:8)
  Blork the orc (D:5)
  A gnoll sergeant (D:11)
  13 bullfrogs
  4 wights
  2 electric eels
  11 howler monkeys
  3 hounds
  4 jellies
  4 gnoll boudas
  10 orc priests
  Jessica (D:3)
  2 sleepcaps
  Ijyb (D:5)
  4 iguanas
  8 orc wizards
  2 human simulacra (D:13)
  A howler monkey zombie (D:9)
  31 gnolls
  3 adders
  A shadow imp (D:7)
  A white imp (D:7)
  A dart slug (D:5)
  A ribbon worm (D:4)
  29 orcs
  25 endoplasms
  A giant cockroach (D:3)
  7 goblins
  4 hobgoblins
  2 jackals (D:3)
  5 quokkas
  5 ball pythons
  2 bats
  A frilled lizard (D:1)
  23 kobolds
  4 rats
458 creatures vanquished.

Vanquished Creatures (collateral kills)
  A catoblepas (Lair:4)
  A hydra (Lair:5)
  A deep troll shaman (Lair:5)
  An ugly thing (D:14)
  6 elephants
  A torpor snail (Lair:3)
  3 cane toads (Lair:5)
  2 rime drakes
  2 polar bears
  Prince Ribbit (D:8)
  6 blink frogs
  2 spriggans (Lair:2)
  8 yaks
  A wyvern (Lair:5)
  3 water moccasins
  An acid dragon (D:8)
  2 orc warriors (D:8)
  2 black bears
  11 wolves
  A bullfrog (Lair:1)
  An electric eel (Lair:5)
  3 orcs
  3 kobolds (D:8)
  A rat (D:1)
64 creatures vanquished.

Vanquished Creatures (others)
  2 ugly thing zombies (D:14)
  A death yak zombie (Lair:5)
  A skyshark zombie (Lair:5)
  A cane toad zombie (Lair:5)
  4 blink frog zombies (Lair:5)
  A swamp dragon zombie (Lair:2)
  An elephant zombie (Lair:3)
  A rime drake zombie (Lair:5)
  2 komodo dragon zombies
  A polar bear zombie (Lair:5)
  7 yak zombies
  4 wolf zombies
  A black bear zombie (Lair:5)
  An iguana zombie (Lair:2)
  A quokka (D:14)
  A spectral weapon (D:13)
30 creatures vanquished.

Grand Total: 552 creatures vanquished

Notes
Turn   | Place    | Note
-------+----------+-------------------------------------------
     0 | D:1      | PaiMei the Demonspawn Necromancer began the quest for the
                  | Orb.
     0 | D:1      | Reached XP level 1. HP: 13/13 MP: 3/3
   363 | D:1      | Gained mutation: You are partially covered in rugged brown
                  | scales. (AC +1, +3% HP) [demonic ancestry]
   363 | D:1      | Reached XP level 2. HP: 13/19 MP: 1/5
  1363 | D:2      | Found a sacrificial altar of Ru.
  1667 | D:2      | Gained mutation: You are mostly covered in rugged brown
                  | scales. (AC +2, +5% HP) [demonic ancestry]
  1667 | D:2      | Reached XP level 3. HP: 20/26 MP: 4/6
  1682 | D:2      | Learned a level 3 spell: Vampiric Draining
  2204 | D:3      | Reached skill level 1 in Fighting
  2281 | D:3      | Noticed Jessica
  2301 | D:3      | Killed Jessica
  2302 | D:3      | Gained mutation: You are completely covered in rugged brown
                  | scales. (AC +3, +7% HP) [demonic ancestry]
  2302 | D:3      | Reached XP level 4. HP: 11/34 MP: 0/8
  2580 | D:3      | Reached skill level 5 in Necromancy
  3161 | D:4      | Found a transporter.
  3477 | D:4      | Found a stormy altar of Qazlal.
  3499 | D:4      | Found Vathil's Tiny Tomes.
  3538 | D:4      | Found a transporter.
  3539 | D:4      | Identified the +9 spear "Goma" {spect, Int+6}
  3612 | D:4      | Gained mutation: You are partially covered in sharp spines.
                  | [demonic ancestry]
  3612 | D:4      | Reached XP level 5. HP: 40/40 MP: 0/9
  3991 | D:5      | Entered Level 5 of the Dungeon
  3991 | D:5      | Noticed Blork the orc
  3991 | D:5      | Noticed Sigmund
  4018 | D:5      | Found Roucoemnu's Distillery.
  4025 | D:5      | Bought a potion of curing for 39 gold pieces
  4025 | D:5      | Bought a potion of heal wounds for 65 gold pieces
  4433 | D:5      | Killed Sigmund
  4434 | D:5      | Gained mutation: You sometimes gain a little power by
                  | taking damage. [demonic ancestry]
  4434 | D:5      | Reached XP level 6. HP: 40/49 MP: 0/11
  5191 | D:5      | Reached skill level 6 in Necromancy
  5191 | D:5      | Reached XP level 7. HP: 37/55 MP: 7/12
  5401 | D:5      | Noticed Ijyb
  5414 | D:5      | Killed Ijyb
  5477 | D:5      | Noticed Pikel
  5519 | D:5      | Killed Pikel
  5520 | D:5      | Reached XP level 8. HP: 46/65 MP: 1/15
  5533 | D:5      | Killed Blork the orc
  6229 | D:5      | Learned a level 4 spell: Animate Dead
  6301 | D:6      | Reached skill level 7 in Necromancy
  6393 | D:6      | Reached skill level 5 in Spellcasting
  6503 | D:6      | Reached skill level 5 in Dodging
  6839 | D:6      | Found an opulent altar of Gozag.
  6877 | D:6      | Reached skill level 5 in Fighting
  7740 | D:6      | Found a staircase to the Ecumenical Temple.
  7859 | D:6      | Found a sparkling altar of Nemelex Xobeh.
  7980 | Temple   | Entered the Ecumenical Temple
  7987 | Temple   | Learned a level 5 spell: Curse of Agony
  7993 | Temple   | Became a worshipper of Kikubaaqudgha
  8156 | D:7      | Gained mutation: You are mostly covered in sharp spines.
                  | [demonic ancestry]
  8156 | D:7      | Reached XP level 9. HP: 72/72 MP: 9/17
  8566 | D:7      | Reached skill level 8 in Necromancy
  9274 | D:7      | Reached * piety under Kikubaaqudgha
  9274 | D:7      | Received a gift from Kikubaaqudgha
  9362 | D:7      | Found a blossoming altar of Fedhas.
  9658 | D:7      | Learned a level 2 spell: Sublimation of Blood
  9674 | D:8      | Noticed a komodo dragon
  9687 | D:8      | Killed a komodo dragon
 10242 | D:8      | Noticed Prince Ribbit
 10255 | D:8      | Killed Prince Ribbit
 10256 | D:8      | Reached skill level 9 in Necromancy
 10318 | D:8      | Gained mutation: You have a pair of small horns on your
                  | head. [demonic ancestry]
 10318 | D:8      | Reached XP level 10. HP: 83/84 MP: 6/20
 10592 | D:8      | Found a staircase to the Lair.
 11086 | D:8      | Reached ** piety under Kikubaaqudgha
 11975 | D:9      | Noticed Jeremiah
 12008 | D:9      | Killed Jeremiah
 12069 | D:9      | Reached skill level 10 in Necromancy
 12934 | D:9      | Found a runed translucent gate.
 12934 | D:9      | Found a runed translucent gate.
 12934 | D:9      | Found a runed translucent gate.
 12934 | D:9      | Noticed monsoonserge's ghost (novice OpSh)
 12936 | D:9      | Found a basalt altar of Yredelemnul.
 13136 | D:10     | Entered Level 10 of the Dungeon
 13804 | D:10     | Gained mutation: Your magical and physical power is
                  | slightly enhanced at high health. [demonic ancestry]
 13804 | D:10     | Reached XP level 11. HP: 70/93 MP: 16/23
 14613 | D:10     | Found a staircase to the Orcish Mines.
 14639 | D:10     | Found an ornate altar of the Wu Jian Council.
 14831 | D:10     | Noticed an oklob plant
 14867 | D:10     | Reached *** piety under Kikubaaqudgha
 14867 | D:10     | Received a gift from Kikubaaqudgha
 14880 | D:10     | Learned a level 4 spell: Dispel Undead
 14885 | D:10     | Learned a level 4 spell: Anguish
 16051 | D:11     | Reached skill level 11 in Necromancy
 16196 | D:11     | Noticed a two-headed ogre
 16204 | D:11     | Killed a two-headed ogre
 16529 | D:11     | You fall into a shaft and drop 1 floor!
 16962 | Lair:1   | Entered Level 1 of the Lair of Beasts
 17103 | Lair:1   | Reached **** piety under Kikubaaqudgha
 18450 | Lair:2   | Gained mutation: You have a pair of horns on your head.
                  | [demonic ancestry]
 18450 | Lair:2   | Reached XP level 12. HP: 100/103 MP: 11/25
 19184 | Lair:2   | Reached skill level 10 in Fighting
 19368 | Lair:2   | Found a staircase to the Swamp.
 19424 | Lair:2   | Reached skill level 12 in Necromancy
 20067 | Lair:2   | Reached ***** piety under Kikubaaqudgha
 20226 | Lair:3   | Noticed a seven-headed hydra
 20491 | Lair:3   | HP: 3/104 [seven-headed hydra (3)]
 20494 | Lair:3   | Killed a seven-headed hydra
 20495 | Lair:3   | Reached skill level 10 in Spellcasting
 20664 | Lair:3   | Reached skill level 10 in Dodging
 20941 | Lair:3   | Found a staircase to the Snake Pit.
 21361 | Lair:3   | Noticed a death yak
 21380 | Lair:3   | Killed a death yak
 22504 | Lair:4   | Gained mutation: You are completely covered in sharp
                  | spines. [demonic ancestry]
 22504 | Lair:4   | Reached XP level 13. HP: 113/113 MP: 20/27
 22517 | Lair:4   | Reached skill level 13 in Necromancy
 23087 | Lair:4   | Found a viscous altar of Jiyva.
 23104 | Lair:4   | Found a staircase to the Slime Pits.
 24142 | Lair:5   | Entered Level 5 of the Lair of Beasts
 24847 | Lair:4   | Reached ****** piety under Kikubaaqudgha
 24849 | Lair:4   | Reached skill level 14 in Necromancy
 25517 | Lair:5   | Reached XP level 14. HP: 82/124 MP: 17/29
 27668 | D:9      | Killed monsoonserge's ghost
 27911 | D:4      | Noticed metalburner8's ghost (novice GrFi)
 27925 | D:4      | Killed metalburner8's ghost
 30233 | D:13     | Reached skill level 15 in Necromancy
 30882 | D:14     | Slain by a vault guard

Illustrated notes

Levels and vault maps discovered:
D:1:      ebering_trefoil_twist, layout_basic
D:2:      wander_river, layout_loops_corners, basic_altar
D:3:      layout_basic, uniq_jessica
D:4:      layout_basic, mainiacjoe_overflow_24_doors,
          gammafunk_ghost_gnarly_gnolls, chequers_big_river,
          nicolae_shop_i_like_small_books_too, serial_park_tiny_2
D:5:      layout_loops_ring, nicolae_tso_carved_into_rock, serial_shops, shop,
          uniq_blork_the_orc, uniq_ijyb, uniq_sigmund, uniq_pikel
D:6:      layout_gridville, grunt_gozag_breadcrumbs, nemelex_dance_club_becter,
          lemuel_temple_firewalk_b
D:7:      layout_basic, nicolae_overflow_hidden_temple, serial_glass,
          glass_columns_b, glass_columns_c, glass_columns_b, glass_columns_a,
          item_on_display_a
D:8:      layout_cave_pools, due_lair_maze_entry_diamond,
          minmay_fractal_squares_5, uniq_prince_ribbit1
D:9:      layout_rooms, nicolae_yredelemnul_ghost_church, uniq_jeremiah
D:10:     lemuel_slime, layout_loops_ring, nzn_wu_jian_council_hall, orc_0_dummy
D:11:     layout_rooms
D:12:     layout_stronghold
D:13:     layout_layer_cave, bh_circular_ruins
D:14:     layout_gridville, hellmonk_vaults_order_and_chaos, elyvilon_altar_4,
          minmay_liquid_box, amethyst_killhole
Temple:   minmay_freezing_vapour_temple
Lair:1:   layout_regular_city
Lair:2:   layout_gridlike, minmay_swamp_entry_reptiles, forest_entry_grove,
          lemuel_fruit_tree, infiniplex_staircase_pool_2
Lair:3:   layout_cave_shapes, minmay_snake_entry_guardpost_small,
          portal_ice_cave_demonic_guard, grunt_megastairs_1,
          serial_bayou_shore_a
Lair:4:   layout_regular_city, slime_entry_1, grunt_megastairs_5,
          infiniplex_staircase_pool
Lair:5:   grunt_lair_end_beastmaster, layout_regular_city, wad_woods_river_01

Skill      XL: |  1  2  3  4  5  6  7  8  9 10 11 12 13 14 |
---------------+-------------------------------------------+-----
Stealth        | 2 |  2.0
Dodging        | 2 3 4 5 6 8 9 10 11 12 | 12.5
Fighting       | 1 2 3 4 5 7 8 9 11 12 13 | 13.3
Necromancy     | 5 6 7 9 10 11 12 14 15 | 15.1
Spellcasting   | 3 4 5 6 8 9 10 11 12 | 12.5

Action                     |  1- 3 |  4- 6 |  7- 9 | 10-12 | 13-15 || total
---------------------------+-------+-------+-------+-------+-------++-------
  Melee: Dagger            |    13 |       |    62 |   118 |       ||   193
         Unarmed           |     4 |       |     4 |       |       ||     8
         Spear             |    40 |       |       |       |    95 ||   135
         Flail             |    10 |     2 |       |       |       ||    12
         Short sword       |       |    39 |    37 |       |       ||    76
         Halberd           |       |     2 |       |       |       ||     2
         Punch             |       |       |     1 |     1 |       ||     2
         Headbutt          |       |       |       |    87 |    94 ||   181
         Trident           |       |       |       |   215 |   175 ||   390
   Cast: Necrotise         |    66 |    54 |    63 |    91 |    54 ||   328
         Vampiric Draining |       |    13 |    79 |   133 |   115 ||   340
         Animate Dead      |       |       |     1 |     9 |     7 ||    17
         Curse of Agony    |       |       |       |    38 |    42 ||    80
         Dispel Undead     |       |       |       |     3 |    10 ||    13
    Use: Potion            |       |       |     1 |     1 |       ||     2
         Scroll            |       |       |       |    11 |     3 ||    14
   Stab: Distracted        |       |       |     1 |     1 |     2 ||     4
 Armour: Robe              |    59 |    24 |    73 |       |       ||   156
         Leather armour    |       |       |    68 |   138 |       ||   206
         Skin              |       |       |     2 |       |       ||     2
         Troll leather arm |       |       |       |   238 |   331 ||   569
  Dodge: Dodged            |    63 |    25 |   118 |   319 |   300 ||   825
  Block: Other             |       |       |    24 |     2 |       ||    26
         Reflection        |       |       |     3 |     4 |     1 ||     8
         Buckler           |       |       |       |   288 |   233 ||   521
